 Dungeon Crawl Stone Soup version 0.28.0 (webtiles) character file.

Game seed: 14955530777041809805

9815 BeingJoeMalik the Bludgeoner (level 11, 0/102 HPs)
             Began as a Tengu Fighter on Feb 15, 2022.
             Was an Initiate of Gozag.
             Slain by Donald (22 damage)
             ... on level 1 of the Orcish Mines.
             The game lasted 00:26:33 (11284 turns).

BeingJoeMalik the Bludgeoner (Tengu Fighter)       Turns: 11284, Time: 00:26:34

Health: 0/102      AC:  9    Str: 18    XL:     11   Next: 52%
Magic:  12/12      EV: 15    Int: 11    God:    Gozag
Gold:   1331       SH: 11    Dex: 17    Spells: 10/10 levels left

rFire   + . .      SeeInvis .   v - +10 flail "Upto" {venom, Will+ rCorr Int+3}
rCold   + . .      Faith    .   c - +1 buckler
rNeg    + . .      Spirit   .   M - +1 ring mail {Will+}
rPois   .          Reflect  +   (helmet restricted)
rElec   .          Harm     .   P - scarf {rC+ rF+}
rCorr   +          Rampage  .   x - +2 pair of gloves
Will    +++..                   (boots unavailable)
Stlth   ..........              O - amulet of reflection
HPRegen 0.27/turn               n - ring of positive energy
MPRegen 0.13/turn               m - ring of willpower

@: berserking, flying quickly and evasively, very quick
A: beak, talons 3, nimble flight
a: Renounce Religion, Potion Petition, Call Merchant, Bribe Branch


You were on level 1 of the Orcish Mines.
You worshipped Gozag.
Gozag was most pleased with you.
You visited 2 branches of the dungeon, and saw 11 of its levels.
You also visited: Sewer and Ossuary.

You collected 2056 gold pieces.
You spent 646 gold pieces at shops.
You paid 79 gold pieces to Gozag.

Inventory:

Hand Weapons
 a - a +0 flail
 q - a +2 vorpal morningstar
 v - the +10 flail "Upto" (weapon) {venom, Will+ rCorr Int+3}
   (You bought it in a shop on level 5 of the Dungeon)

   It poisons the flesh of those it strikes.
   Int:       It affects your intelligence (+3).
   rCorr:     It protects you from acid and corrosion.
   Will:      It increases your willpower.
 A - the +6 whip of Karma {vorpal, Fragile rElec rPois rF+}
   (You found it on level 6 of the Dungeon)

   It inflicts extra damage upon your enemies.
   rF:        It protects you from fire.
   rElec:     It insulates you from electricity.
   rPois:     It protects you from poison.
   Fragile:   It will be destroyed if unequipped.
Missiles
 e - 4 curare-tipped darts
 j - 25 poisoned darts
 p - 7 boomerangs (quivered)
Armour
 b - a +0 scale mail
 c - a +1 buckler (worn)
 x - a +2 pair of gloves (worn)
 H - a +0 cloak
 M - a +1 ring mail of willpower (worn)
 N - a +0 kite shield
 P - a scarf of resistance (worn)
Jewellery
 i - an amulet of the acrobat
 m - a ring of willpower (right hand)
 n - a ring of positive energy (left hand)
 y - a +6 ring of strength
 D - a ring of ice
 G - a ring of protection from cold
 I - a +6 ring of intelligence
 O - an amulet of reflection (around neck)
 Q - a +4 ring of protection
Wands
 h - a wand of paralysis (18)
 k - a wand of flame (7)
 R - a wand of charming (3)
Scrolls
 g - 5 scrolls of teleportation
 l - 2 scrolls of magic mapping
 o - 2 scrolls of vulnerability
 r - 3 scrolls of enchant armour
 w - 2 scrolls of fear
 B - a scroll of brand weapon
 C - 4 scrolls of identify
 E - a scroll of holy word
 J - 2 scrolls of amnesia
 K - a scroll of fog
 L - 2 scrolls of enchant weapon
Potions
 f - 3 potions of curing
 s - a potion of might
 t - 2 potions of invisibility
 u - 2 potions of degeneration
 z - a potion of resistance
 F - a potion of brilliance


   Skills:
 + Level 8.2 Fighting
 * Level 16.2 Maces & Flails
 - Level 3.2 Armour
 - Level 5.1 Dodging
 + Level 4.3 Shields


You had 10 spell levels left.
You didn't know any spells.
Your spell library contained the following spells:

 Spells                   Type           Power      Damage    Failure   Level
 Foxfire                  Conj/Fire      0%         2x1d4     63%         1
 Malign Gateway           Summ/Tloc      0%         N/A       100%        7
 Summon Horrible Things   Summ           0%         N/A       100%        8


Dungeon Overview and Level Annotations

Branches:
Dungeon (9/15)             Temple (0/1) D:5            Lair (0/6) D:9
    Orc (2/2) D:9           Sewer (visited)         Ossuary (visited)
    Elf: Orc:2

Altars:
Ashenzari
Elyvilon
Gozag
Makhleb
Ru
Sif Muna
Trog
Uskayaw
Vehumet
Wu Jian
Xom
Zin
The Shining One

Shops:
D:5 (   Orc:1 *

Annotations:
D:9 1 runed translucent door, jjjjhere's ghost, novice GnCj
Orc:1 Donald


Innate Abilities, Weirdness & Mutations

You have a beak for a mouth.
You have claws for feet.
Your magical nature lets you fly swiftly and evasively.


Message History

Donald is moderately wounded.
Donald says, "My hands hurt, too."
You block Donald's attack.
You hit Donald. Donald blocks your attack. x2
Donald is moderately wounded.
Donald hits you with a +0 scimitar!
You sock Donald!
Donald looks as sick as possible!
Your kick misses Donald. Donald blocks your attack.
Donald is heavily wounded.
Donald hits you with a +0 scimitar!!
You are too injured to fight recklessly!
You hit Donald but do no damage.
Donald looks as sick as possible!
Donald blocks your attack.
You peck Donald, but do no damage.
Donald is heavily wounded.
You block Donald's attack. Donald blocks your attack.
Your kick misses Donald.
Donald is heavily wounded.
Donald says, "I hate complainers so much."
Donald closely misses you. x2
Donald blocks your attack. x2
Donald is heavily wounded.
Donald hits you with a +0 scimitar!
* * * LOW HITPOINT WARNING * * *
Unknown command.
A red film seems to cover your vision as you go berserk!
You feel yourself moving faster!
You feel mighty! You block Donald's attack.
Unknown command.
Donald blocks your attack. x2
Donald is heavily wounded.
Donald barely misses you. Donald blocks your attack.
Donald is heavily wounded.
You block Donald's attack.
You bludgeon Donald!! You claw Donald, but do no damage.
Donald is almost dead.
Donald blocks your attack.
Your kick misses Donald. You peck Donald.
Donald is almost dead.
Donald hits you with a +0 scimitar!!
You die...
Your body crumbles into a pile of gold.

### ##.## ##...##
######.....#
#####.#........#
##.##.........@##
#....#........@<#
####............)##
..#.##..#..).)....#
..............[...#
.....#............#
......##..........#
#..#.####.........#
...### #.....#.#.##
....# ##.#..#####


You could see Donald (fast, extremely poisoned).

Vanquished Creatures
  2 two-headed ogres
  Pikel (D:9)
  Psyche (D:8)
  A komodo dragon (D:9)
  A troll (D:9)
  2 hornets (D:8)
  3 yaks (D:9)
  5 humans
  A steam dragon (D:6)
  A wyvern (D:9)
  5 water moccasins
  Duvessa (D:6)
  6 orc warriors
  A sky beast (D:4)
  2 ice beasts
  2 black bears
  A necrophage (D:3)
  6 ogres
  2 centaurs
  A phantom (D:6)
  An elf zombie (Ossuary)
  5 kobold brigands
  5 bullfrogs
  A wyvern zombie (D:7)
  7 gnoll sergeants
  A water moccasin zombie (D:4)
  A scorpion (D:5)
  Dowan (D:6)
  8 killer bees
  4 howler monkeys
  11 centaur zombies
  A bullfrog zombie (D:6)
  3 human zombies (Ossuary)
  4 orc priests (D:9)
  A hound (D:7)
  2 bullfrog skeletons
  A centaur skeleton (D:6)
  Jessica (D:2)
  3 iguanas
  9 orc wizards
  A hound skeleton (D:5)
  3 mummies (Ossuary)
  A howler monkey skeleton (D:4)
  6 adders
  10 gnolls
  A shadow imp (D:8)
  An adder skeleton (D:5)
  2 worms
  3 dart slugs
  23 orcs
  4 ball pythons
  6 endoplasms
  6 giant cockroaches
  6 goblins
  5 hobgoblins
  17 kobolds
  2 quokkas
  6 bats
  7 frilled lizards
  2 goblin zombies (D:4)
  8 rats
235 creatures vanquished.

Vanquished Creatures (others)
  34 plants (D:9)
34 creatures vanquished.

Grand Total: 269 creatures vanquished

Notes
Turn   | Place    | Note
-------+----------+-------------------------------------------
     0 | D:1      | BeingJoeMalik the Tengu Fighter began the quest for the
                  | Orb.
     0 | D:1      | Reached XP level 1. HP: 14/14 MP: 2/2
   252 | D:1      | Reached XP level 2. HP: 15/19 MP: 3/3
  1153 | D:2      | Reached XP level 3. HP: 23/23 MP: 4/4
  1269 | D:2      | Found a faded altar of an unknown god.
  1331 | D:2      | Noticed Jessica
  1341 | D:2      | Killed Jessica
  1342 | D:2      | Reached skill level 3 in Maces & Flails
  1342 | D:2      | Reached XP level 4. HP: 12/29 MP: 5/5
  1884 | D:3      | Reached skill level 4 in Maces & Flails
  1972 | D:3      | Found a glowing drain.
  1984 | Sewer    | Entered a sewer
  2001 | Sewer    | Gained mutation: Your magical nature lets you fly swiftly
                  | and evasively. [Tengu growth]
  2001 | Sewer    | Reached XP level 5. HP: 26/33 MP: 6/6
  2081 | Sewer    | Noticed a water moccasin
  2089 | Sewer    | Killed a water moccasin
  2090 | Sewer    | Reached skill level 1 in Dodging
  2434 | D:3      | Reached XP level 6. HP: 39/39 MP: 7/7
  2466 | D:3      | Noticed a necrophage
  2472 | D:3      | Reached skill level 5 in Maces & Flails
  2474 | D:3      | Killed a necrophage
  3156 | D:3      | Found a shimmering blue altar of Sif Muna.
  3275 | D:4      | Noticed a sky beast
  3279 | D:4      | Found an opulent altar of Gozag.
  3291 | D:4      | Became a worshipper of Gozag Ym Sagoz the Greedy
  3299 | D:4      | Killed a sky beast
  3300 | D:4      | Reached skill level 6 in Maces & Flails
  3300 | D:4      | Reached XP level 7. HP: 21/44 MP: 8/8
  3332 | D:4      | Found a sand-covered staircase.
  3339 | Ossuary  | Entered an ossuary
  3495 | Ossuary  | Reached skill level 7 in Maces & Flails
  3774 | Ossuary  | Reached XP level 8. HP: 48/48 MP: 9/9
  3780 | Ossuary  | Reached skill level 8 in Maces & Flails
  4788 | D:5      | Entered Level 5 of the Dungeon
  4795 | D:5      | Reached skill level 5 in Fighting
  5041 | D:5      | Reached skill level 9 in Maces & Flails
  5428 | D:5      | Found Omykh's Antique Weapon Shoppe.
  5443 | D:5      | Bought a crystal flail for 255 gold pieces
  5443 | D:5      | Identified the +10 flail "Upto" {venom, Will+ rCorr Int+3}
                  | (You bought it in a shop on level 5 of the Dungeon)
  5567 | D:5      | Found a staircase to the Ecumenical Temple.
  5863 | D:6      | Reached skill level 10 in Maces & Flails
  5917 | D:6      | Noticed Dowan
  5918 | D:6      | Noticed Duvessa
  5928 | D:6      | Killed Duvessa
  5929 | D:6      | Reached XP level 9. HP: 44/54 MP: 10/10
  5933 | D:6      | Killed Dowan
  5993 | D:6      | Reached skill level 11 in Maces & Flails
  6292 | D:6      | Found an ornate altar of the Wu Jian Council.
  6403 | D:6      | Identified the +6 whip of Karma {vorpal, Fragile rElec
                  | rPois rF+}
  6764 | D:6      | Found a radiant altar of Vehumet.
  7282 | D:7      | Reached skill level 12 in Maces & Flails
  7635 | D:7      | Reached skill level 13 in Maces & Flails
  7635 | D:7      | Reached XP level 10. HP: 52/60 MP: 11/11
  8204 | D:8      | Noticed Psyche
  8217 | D:8      | Killed Psyche
  8565 | D:8      | Noticed a two-headed ogre
  8587 | D:8      | Killed a two-headed ogre
  8588 | D:8      | Reached skill level 14 in Maces & Flails
  8936 | D:8      | Found a hide-covered altar of Uskayaw.
  8937 | D:8      | Found a broken altar of Ashenzari.
  8937 | D:8      | Found a sacrificial altar of Ru.
  8938 | D:8      | Found a bloodstained altar of Trog.
  9200 | D:9      | Found a glowing golden altar of the Shining One.
  9339 | D:9      | Found a glowing silver altar of Zin.
  9495 | D:9      | Reached skill level 15 in Maces & Flails
  9519 | D:9      | Reached XP level 11. HP: 67/67 MP: 12/12
  9549 | D:9      | Noticed a two-headed ogre
  9556 | D:9      | Killed a two-headed ogre
  9607 | D:9      | Reached skill level 5 in Dodging
  9649 | D:9      | Noticed Pikel
  9653 | D:9      | Killed Pikel
  9737 | D:9      | Found a white marble altar of Elyvilon.
  9903 | D:9      | Found a staircase to the Lair.
  9935 | D:9      | Found a runed translucent door.
  9936 | D:9      | Found a shimmering altar of Xom.
  9936 | D:9      | Noticed a +2 broad axe of chaos
  9936 | D:9      | Noticed jjjjhere's ghost (novice GnCj)
  9961 | D:9      | Found a burning altar of Makhleb.
 10290 | D:9      | Found a staircase to the Orcish Mines.
 10331 | D:9      | Reached skill level 16 in Maces & Flails
 10985 | Orc:1    | Entered Level 1 of the Orcish Mines
 11046 | Orc:1    | Found Tosuorph's Assorted Antiques.
 11061 | Orc:1    | Bought a runed scarf for 184 gold pieces
 11061 | Orc:1    | Bought an agate ring for 115 gold pieces
 11061 | Orc:1    | Bought a crooked glass wand for 92 gold pieces
 11136 | Orc:1    | Found a shimmering blue altar of Sif Muna.
 11158 | Orc:1    | Got Sif Muna's Incunabulum of the Blaze
 11263 | Orc:2    | Entered Level 2 of the Orcish Mines
 11263 | Orc:2    | Noticed Donald
 11263 | Orc:2    | Noticed an orc knight
 11284 | Orc:1    | Slain by Donald

Illustrated notes

Levels and vault maps discovered:
D:1:      lightli_arrival_statue_moat, layout_basic
D:2:      layout_rooms, hellmonk_ecumenical_altar_slurped_away, uniq_jessica
D:3:      cheibrodos_thug_alley, layout_basic, amcnicky_altar_gilded,
          gup_sewer_entry_bubbles
D:4:      layout_layer_cave, mainiacjoe_overflow_tiny_flanked, enter_ossuary_4,
          fountainhead, chequers_serial_rivers_room_a
D:5:      layout_basic, minmay_temple_entry_glass, serial_shops, shop_coins
D:6:      layout_basic, old_standard_altar, nicolae_vehumet_radiance,
          uniq_duvessa
D:7:      layout_cave_pools, minmay_ruffians
D:8:      layout_cave_pods, chequers_temple_overflow_statue_of_worship,
          uniq_psyche
D:9:      layout_loops_ring, good_gods_mini_temple, lightli_temple_of_fire,
          david_lair_shrubbed, kennysheep_orc_monster_closet_entryway,
          ebering_ghost_xom, uniq_pikel
Orc:1:    layout_caves, serial_shops, shop, shop, nicolae_square_shop,
          nicolae_shop_crystal, nicolae_lakefront_shop, led_sif_book
Orc:2:    st_orc_rangers, layout_caves, portal_ice_cave_demonic_guard,
          nicolae_orc_lava_room, uniq_donald

Skill      XL: |  1  2  3  4  5  6  7  8  9 10 11 |
---------------+----------------------------------+-----
Maces & Flails | 3 4 6 7 10 13 15 16 | 16.2
Fighting       | 4 5 6 7 8 |  8.2
Dodging        | 1 2 3 4 5 |  5.1
Shields        | 4 |  4.3
Armour         | |  3.2

Action                   |  1- 3 |  4- 6 |  7- 9 | 10-12 || total
-------------------------+-------+-------+-------+-------++-------
Melee: Flail             |    63 |    74 |   101 |   232 ||   470
       Kick              |    13 |    13 |    70 |    71 ||   167
       Peck              |     5 |    12 |    55 |    53 ||   125
       Morningstar       |       |    43 |   129 |       ||   172
Throw: Boomerang         |       |     2 |       |    11 ||    13
Evoke: Wand              |       |       |       |     1 ||     1
  Use: Scroll            |       |     7 |     8 |     1 ||    16
       Potion            |       |     7 |     2 |     1 ||    10
 Stab: Invisible         |       |     1 |       |       ||     1
Armor: Scale mail        |    24 |    64 |    76 |    29 ||   193
       Skin              |       |    19 |       |       ||    19
       Ring mail         |       |       |       |    11 ||    11
Dodge: Dodged            |    12 |    83 |   135 |   109 ||   339
Block: Buckler           |     9 |    29 |    74 |    55 ||   167
